 Dungeon Sprint DCSS version 0.28.0-43-g3370ac3207 (webtiles) character file.

Game seed: 5308653044575045074

508 boopmooplesden the Cleaver (level 6, -2/66 HPs)
             Began as a Minotaur Berserker on Mar 24, 2022.
             Was an Elder of Trog.
             Killed from afar by a burning bush (11 damage)
             ... with a puff of flame
             ... in the Dungeon (Sprint IV: "Fedhas' Mad Dash").
             The game lasted 00:01:26 (1211 turns).

boopmooplesden the Cleaver (Minotaur Berserker)     Turns: 1211, Time: 00:01:27

Health: -2/66      AC:  2    Str: 21    XL:     6   Next: 98%
Magic:  5/5        EV: 13    Int:  4    God:    Trog [****..]
Gold:   80         SH:  0    Dex: 12    Spells: 5/5 levels left

rFire   . . .      SeeInvis .   a - +0 hand axe
rCold   . . .      Faith    .   (no shield)
rNeg    . . .      Spirit   .   b - +0 animal skin
rPois   .          Reflect  .   (helmet restricted)
rElec   .          Harm     .   (no cloak)
rCorr   .          Rampage  .   (no gloves)
Will    .....      NoTele   +   (no boots)
Stlth   +++.......              i - amulet of invisibility {+Inv}
HPRegen 0.21/turn               (no ring)
MPRegen 0.09/turn               (no ring)

@: no status effects
A: horns 2, retaliatory headbutt
a: Renounce Religion, Evoke Invisibility, Berserk, Trog's Hand, Brothers in Arms


You were in the Dungeon.
You worshipped Trog.
Trog was greatly pleased with you.
You visited 1 branch You collected 80 gold pieces.

Inventory:

Hand Weapons
 a - a +0 hand axe (weapon)
Missiles
 j - 2 boomerangs (quivered)
Armour
 b - a +0 animal skin (worn)
Jewellery
 i - the amulet of invisibility (around neck) {+Inv}
   (You found it in the Dungeon)

   [amulet of nothing]

   +Inv:      It lets you turn invisible.
Scrolls
 h - a scroll of blinking
Potions
 c - 2 potions of curing
 d - a potion of heal wounds
 e - a potion of haste
 f - 2 potions of magic
 g - a potion of berserk rage


   Skills:
 + Level 10.2 Fighting
 + Level 11.3 Axes
 + Level 5.4 Armour
 + Level 5.0 Dodging
 + Level 4.6 Stealth
 + Level 3.4 Evocations


You had 5 spell levels left.
You didn't know any spells.
Your spell library was empty.

Dungeon Overview and Level Annotations

Branches:
Dungeon (1/1)

Altars:
Cheibriados
Dithmenos
Elyvilon
Gozag
Hepliaklqana
Kikubaaqudgha
Makhleb
Nemelex Xobeh
Okawaru
Qazlal
Ru
Sif Muna
Trog
Uskayaw
Vehumet
Wu Jian
Xom
Yredelemnul
Zin
The Shining One
Beogh
Jiyva
Lugonu

Shops:
D *:


Innate Abilities, Weirdness & Mutations

You have a pair of horns on your head.
You reflexively headbutt those who attack you in melee.


Message History

The burning bush is moderately damaged.
You hit the burning bush but do no damage.
The burning bush is moderately damaged.
You hit the burning bush but do no damage.
The burning bush is moderately damaged.
You hit the burning bush.
The burning bush is moderately damaged.
You hit the burning bush but do no damage.
You headbutt the burning bush.
The burning bush is moderately damaged.
You slash the burning bush! You headbutt the burning bush.
The burning bush is severely damaged.
You hit the burning bush but do no damage.
The burning bush is severely damaged.
You hit the burning bush but do no damage.
The burning bush is severely damaged.
You hit the burning bush but do no damage.
The burning bush is severely damaged.
The burning bush throws fire at you. The puff of flame misses you.
You hit the burning bush but do no damage.
The burning bush is severely damaged.
You hit the burning bush but do no damage.
The burning bush is severely damaged.
You hit the burning bush. You headbutt the burning bush.
The burning bush is severely damaged.
The burning bush throws fire at you. The puff of flame hits you!
You hit the burning bush.
The burning bush is almost destroyed.
The burning bush throws fire at you. The puff of flame hits you!
* * * LOW HITPOINT WARNING * * *
You hit the burning bush but do no damage.
The burning bush is almost destroyed.
You hit the burning bush but do no damage.
The burning bush is almost destroyed.
The burning bush throws fire at you. The puff of flame hits you!
You die...

###################
_._.⌠.#..')..#....#
._._..'..#)..#...P+
_._...#..###'##.@$#
._._..#..##∩∩.'...#
_._.⌠.#############
#######


You could see a burning bush.

Vanquished Creatures
  3 scorpions (D)
  4 oklob saplings (D)
  2 spriggans (D)
  2 wandering mushrooms (D)
  A river rat (D)
  A rat (D)
13 creatures vanquished.

Notes
Turn   | Place    | Note
-------+----------+-------------------------------------------
     0 | D        | boopmooplesden the Minotaur Berserker began the quest for
                  | the Orb.
     0 | D        | Reached XP level 1. HP: 19/19 MP: 0/0
     7 | D        | Reached skill level 4 in Axes
     7 | D        | Reached XP level 2. HP: 28/28 MP: 1/1
    12 | D        | Noticed an oklob sapling
    12 | D        | HP: 1/28 [oklob sapling/splash of acid (27)]
   316 | D        | Killed an oklob sapling
   316 | D        | Reached ** piety under Trog
   317 | D        | Reached skill level 5 in Fighting
   317 | D        | Reached skill level 6 in Axes
   317 | D        | Reached XP level 3. HP: 37/37 MP: 2/2
   318 | D        | Noticed a scorpion
   318 | D        | Found the amulet of invisibility {+Inv}
   321 | D        | Killed a scorpion
   322 | D        | Reached skill level 7 in Axes
   322 | D        | Reached XP level 4. HP: 47/47 MP: 3/3
   351 | D        | Reached skill level 8 in Axes
   351 | D        | Reached skill level 1 in Stealth
   475 | D        | Found an opulent altar of Gozag.
   475 | D        | Found a hazy altar of Hepliaklqana.
   475 | D        | Found a snail-covered altar of Cheibriados.
   479 | D        | Found a viscous altar of Jiyva.
   479 | D        | Found a burning altar of Makhleb.
   479 | D        | Found a sparkling altar of Nemelex Xobeh.
   479 | D        | Found a sacrificial altar of Ru.
   479 | D        | Found a shimmering blue altar of Sif Muna.
   479 | D        | Found a bloodstained altar of Trog.
   479 | D        | Found an ornate altar of the Wu Jian Council.
   479 | D        | Found a shimmering altar of Xom.
   479 | D        | Found a basalt altar of Yredelemnul.
   480 | D        | Found an iron altar of Okawaru.
   480 | D        | Found a shadowy altar of Dithmenos.
   480 | D        | Found a glowing silver altar of Zin.
   481 | D        | Found an ancient bone altar of Kikubaaqudgha.
   481 | D        | Found a hide-covered altar of Uskayaw.
   482 | D        | Found a stormy altar of Qazlal.
   482 | D        | Found a white marble altar of Elyvilon.
   482 | D        | Found a glowing golden altar of the Shining One.
   483 | D        | Found a corrupted altar of Lugonu.
   483 | D        | Found a radiant altar of Vehumet.
   490 | D        | Reached skill level 1 in Evocations
   490 | D        | Reached XP level 5. HP: 55/55 MP: 1/4
   718 | D        | Reached *** piety under Trog
   719 | D        | Reached skill level 9 in Axes
   744 | D        | Reached skill level 5 in Armour
   745 | D        | Reached skill level 10 in Axes
   745 | D        | Reached XP level 6. HP: 63/63 MP: 5/5
   750 | D        | Found Onuijutu's Book Shop.
   750 | D        | Found Bueh's Assorted Antiques.
   759 | D        | Noticed a burning bush
   759 | D        | Noticed a wandering mushroom
   760 | D        | Noticed a wandering mushroom
   770 | D        | Reached **** piety under Trog
  1185 | D        | Killed a wandering mushroom
  1186 | D        | Reached skill level 10 in Fighting
  1186 | D        | Reached skill level 11 in Axes
  1186 | D        | Reached skill level 5 in Dodging
  1211 | D        | Killed from afar by a burning bush

Illustrated notes

Levels and vault maps discovered:
D:        dungeon_sprint_fedhas [sprint_temple]

Skill      XL: |  1  2  3  4  5  6 |
---------------+-------------------+-----
Fighting       | 4 5 7 8 9 10 | 10.2
Axes           | 4 6 7 8 10 11 | 11.3
Armour         | 3 4 5 |  5.4
Dodging        | 3 4 5 |  5.0
Stealth        | 2 3 4 |  4.6
Evocations     | 1 2 3 |  3.4

Action                   |  1- 3 |  4- 6 || total
-------------------------+-------+-------++-------
Melee: Hand axe          |     7 |    61 ||    68
       Headbutt          |       |    18 ||    18
Invok: Berserk           |     1 |     1 ||     2
 Abil: Evoke Invisibilit |       |     3 ||     3
 Stab: Invisible         |       |     2 ||     2
       Sleeping          |       |     2 ||     2
Armor: Animal skin       |       |     1 ||     1
Dodge: Dodged            |     3 |    24 ||    27
